 Dungeon Crawl Stone Soup version 0.31.0-11-ge490571c62 (webtiles) character file.

Game seed: 14982368971000134900

0 Ashen the Sneak (level 1, 0/13 HPs)
             Began as a Gnoll Enchanter on Feb 3, 2024.
             Slain by a frilled lizard (3 damage)
             ... on level 1 of the Dungeon.
             The game lasted 00:00:07 (36 turns).

Ashen the Sneak (Gnoll Enchanter)                     Turns: 36, Time: 00:00:08

Health: 0/13       AC:  2    Str:  7    XL:     1   Next: 10%
Magic:  6/6        EV: 13    Int: 14    God:
Gold:   12         SH:  0    Dex: 12    Spells: 9/9 levels left

rFire   . . .        a - +1 dagger
rCold   . . .        (no shield)
rNeg    . . .        b - +0 robe
rPois   .            (no helmet)
rElec   .            (no cloak)
rCorr   .            (no gloves)
SInv    .            (no boots)
Will    .....        (no amulet)
Stlth   +++          (no ring)
HPRegen 0.22/turn    (no ring)
MPRegen 0.10/turn

%: no passive effects
@: no status effects
A: fangs 1, strong nose, distributed training
a: no special abilities


You were on level 1 of the Dungeon.
You visited 1 branch of the dungeon, and saw 1 of its levels.

You collected 12 gold pieces.

Inventory:

Hand Weapons
 a - a +1 dagger (weapon)
Armour
 b - a +0 robe (worn)
Potions
 c - 2 potions of invisibility


   Skills:
 + Level 0.0 Fighting
 + Level 2.3 Short Blades
 + Level 0.0 Long Blades
 + Level 0.0 Axes
 + Level 0.0 Maces & Flails
 + Level 0.0 Polearms
 + Level 0.0 Staves
 + Level 0.0 Ranged Weapons
 + Level 0.0 Throwing
 + Level 0.0 Armour
 + Level 4.4 Dodging
 + Level 5.8 Stealth
 + Level 0.0 Shields
 + Level 0.0 Unarmed Combat
 + Level 4.8 Spellcasting
 + Level 0.0 Conjurations
 + Level 5.3 Hexes
 + Level 0.0 Summonings
 + Level 0.0 Necromancy
 + Level 0.0 Translocations
 + Level 0.0 Fire Magic
 + Level 0.0 Ice Magic
 + Level 0.0 Air Magic
 + Level 0.0 Earth Magic
 + Level 0.0 Alchemy
 + Level 0.0 Invocations
 + Level 0.0 Evocations
 + Level 0.0 Shapeshifting


You had 9 spell levels left.
You didn't know any spells.
Your spell library contained the following spells:

 Spells                   Type           Power      Damage    Failure   Level
 Confusing Touch          Hex            18%        N/A       6%          3
 Tukima's Dance           Hex            18%        N/A       6%          3
 Ensorcelled Hibernation  Hex/Ice        20%        N/A       9%          2
 Dazzling Flash           Conj/Hex       20%        N/A       19%         3


Dungeon Overview and Level Annotations

Branches:
Dungeon (1/15)

Altars:


Innate Abilities, Weirdness & Mutations

You have very sharp teeth.
Your uncanny sense of smell can sniff out nearby items.
Your experience applies equally to all skills.


Message History

You now have 12 gold pieces (gained 7).
A kobold comes into view. It is wielding a +0 club.
Found 12 gold pieces.
A kobold is nearby!
A frilled lizard comes into view.
A quokka and a kobold come into view.
A frilled lizard and a hobgoblin come into view.
The helpless kobold fails to defend itself.
You impale the kobold!!
You kill the kobold!
A hobgoblin comes into view.
The frilled lizard hisses angrily.
The hobgoblin shouts! x2
The kobold shouts!
The frilled lizard closely misses you.
You hit the frilled lizard.
The frilled lizard is heavily wounded.
The frilled lizard closely misses you.
The frilled lizard hisses angrily.
The frilled lizard attacks as it pursues you!
The frilled lizard bites you but does no damage.
The frilled lizard attacks as it pursues you!
The frilled lizard bites you. The quokka attacks as it pursues you!
The quokka closely misses you.
The frilled lizard attacks as it pursues you!
The frilled lizard bites you.
The frilled lizard attacks as it pursues you!
The frilled lizard closely misses you. The quokka attacks as it pursues you!
The quokka misses you. The frilled lizard closely misses you.
The quokka attacks as it pursues you! The quokka bites you.
The quokka bites you but does no damage.
The frilled lizard attacks as it pursues you!
The frilled lizard bites you but does no damage.
The frilled lizard misses you.
The frilled lizard attacks as it pursues you!
The frilled lizard bites you.
* * * LOW HITPOINT WARNING * * *
The frilled lizard attacks as it pursues you!
The frilled lizard bites you.
You die...

#............########
#.....).............##
#....$g..............#
#......####g.........#
#......# ##.........#
#......# #gK.......#
#......# #..r###...#
######g# #ll##.##..#
#.# #.@#...#..# #.#
#..+.<.'..# #..
#..#...#..#
#..##.##..#
#...###...# #... ....#
.... ....# ..........#
..#


You could see a quokka, 2 hobgoblins, a kobold and 2 frilled lizards.

Vanquished Creatures
  A kobold (D:1)
1 creature vanquished.

Notes
Turn   | Place    | Note
-------+----------+-------------------------------------------
     0 | D:1      | Ashen the Gnoll Enchanter began the quest for the Orb.
     0 | D:1      | Reached XP level 1. HP: 13/13 MP: 6/6
    36 | D:1      | Slain by a frilled lizard

Illustrated notes

Levels and vault maps discovered:
D:1:      dpeg_arrival_shelter, layout_basic, minivault_5, nrook_campfire,
          nrook_mini_vaults

Action                     || total
---------------------------++-------
  Melee: Dagger            ||     2
   Stab: Sleeping          ||     1
 Armour: Robe              ||     8
  Dodge: Dodged            ||     7
